 Dungeon Crawl Stone Soup version 0.28.0-53-g5a82cb258f (webtiles) character file.

Game seed: 10562935152625457028

239002 Labrat the Eclecticist (level 18, 0/154 HPs)
             Began as a Demigod Conjurer on June 2, 2022.
             Killed from afar by an eleionoma (25 damage)
             ... with a spray of wooden splinters
             ... on level 2 of the Swamp on June 29, 2022.
             The game lasted 03:34:48 (51827 turns).

Labrat the Eclecticist (Demigod Conjurer)          Turns: 51827, Time: 03:34:49

Health: 0/154      AC: 23    Str: 10    XL:     18   Next: 31%
Magic:  20/46      EV: 10    Int: 44    God:
Gold:   4836       SH:  0    Dex: 12    Spells: 5/54 levels left

rFire   x . .      SeeInvis +   D - staff of conjuration
rCold   . . .      Faith    .   (no shield)
rNeg    . . .      Spirit   .   p - +6 scale mail of Demons {Rampage rPois Slay+3}
rPois   +          Reflect  .   n - +0 helmet of Defiance {Regen+ Str+2}
rElec   .          Harm     .   O - +2 cloak {Will+}
rCorr   .          Rampage  +   E - +0 pair of gloves
Will    ++...                   S - +2 pair of boots {Stlth+}
Stlth   +.........              Z - amulet "Owotaj" {RegenMP Rampage rF- SInv}
HPRegen 1.15/turn               q - ring of wizardry
MPRegen 0.70/turn               P - ring of wizardry

@: about to teleport, slowed, studying Bows, very slow
A: high MP 1, forlorn, divine attributes
}: 1/15 runes: serpentine
a: no special abilities


You were on level 2 of the Swamp.
You visited 6 branches of the dungeon, and saw 32 of its levels.
You also visited: Sewer, Gauntlet and Ice Cave.

You collected 4856 gold pieces.
You spent 20 gold pieces at shops.

Inventory:

Missiles
 r - 7 datura-tipped darts
 x - 30 poisoned darts
 B - 4 silver javelins
 M - a curare-tipped dart
 T - 2 throwing nets
Armour
 n - the +0 helmet of Defiance (worn) {Regen+ Str+2}
   (You found it in a Gauntlet)

   Str:       It affects your strength (+2).
   Regen:     It increases your rate of health regeneration.
 p - the +6 scale mail of Demons (worn) {Rampage rPois Slay+3}
   (You found it on level 3 of the Dungeon)

   Slay:      It affects your accuracy & damage with ranged weapons and melee
   (+3).
   rPois:     It protects you from poison.
   Rampage:   It bestows one free step when moving towards enemies.
 E - a +0 pair of gloves (worn)
 O - a +2 cloak of willpower (worn)
 S - a +2 pair of boots of stealth (worn)
Magical Staves
 D - a staff of conjuration (weapon)
Jewellery
 a - a ring of resist corrosion
 q - a ring of wizardry (left hand)
 G - the amulet "Xailic" {Will+ Regen+ Str+4}
   (You took it off a deep elf high priest on level 3 of the Elven Halls)

   [amulet of regeneration]

   Str:       It affects your strength (+4).
   Regen:     It increases your rate of health regeneration.
   Will:      It increases your willpower.
 P - a ring of wizardry (right hand)
 W - the ring "Lodit" {rPois rN+ Int+6 Dex+3}
   (You took it off a deep elf demonologist on level 3 of the Elven Halls)

   [ring of intelligence]

   Int:       It affects your intelligence (+6).
   Dex:       It affects your dexterity (+3).
   rPois:     It protects you from poison.
   rN:        It protects you from negative energy.
 Z - the amulet "Owotaj" (around neck) {RegenMP Rampage rF- SInv}
   (You found it on level 3 of the Lair of Beasts)

   [amulet of magic regeneration]

   It increases your rate of magic regeneration.
   rF:        It makes you vulnerable to fire.
   SInv:      It lets you see invisible.
   Rampage:   It bestows one free step when moving towards enemies.
Wands
 j - a wand of mindburst (1)
 l - a wand of paralysis (15)
 o - a wand of acid (3)
 z - a wand of flame (31)
 A - a wand of digging (21)
 C - a wand of iceblast (17)
 N - a wand of charming (13)
Scrolls
 b - 11 scrolls of teleportation
 f - 4 scrolls of fear
 h - a scroll of summoning
 i - 3 scrolls of blinking
 k - 2 scrolls of enchant weapon
 m - 2 scrolls of holy word
 s - 4 scrolls of fog
 v - a scroll of enchant armour
 F - 7 scrolls of amnesia
 H - a scroll of acquirement
 L - a scroll of brand weapon
 Y - 4 scrolls of magic mapping
Potions
 c - a potion of resistance
 d - 5 potions of invisibility
 e - 2 potions of magic
 g - 12 potions of curing
 t - 4 potions of cancellation
 u - 3 potions of flight
 w - 5 potions of heal wounds
 y - a potion of lignification {unknown}
 I - 9 potions of brilliance
 J - a potion of might
 U - 2 potions of mutation
 V - 5 potions of haste
Miscellaneous
 K - a condenser vane
 Q - a lightning rod (4/4)
 R - a phial of floods
 X - a box of beasts


   Skills:
 - Level 12.0 Fighting
 - Level 8.0 Armour
 - Level 5.0 Dodging
 - Level 1.8 Stealth
 + Level 18.6 Spellcasting
 + Level 15.8 Conjurations
 + Level 4.6 Summonings
 - Level 10.0 Earth Magic
 - Level 10.0 Evocations


You had 5 spell levels left.
You knew the following spells:

 Your Spells              Type           Power      Damage    Failure   Level
a - Iron Shot             Conj/Erth      62%        9d12      1%          6
b - Searing Ray           Conj           100%       2d8       0%          2
c - Freezing Cloud        Conj/Ice/Air   46%        6-21      2%          5
d - Iskenderun's Mystic   Conj/Tloc      100%       2d19      1%          4
e - Mephitic Cloud        Conj/Pois/Air  92%        N/A       1%          3
f - Fireball              Conj/Fire      52%        3d20      1%          5
g - Orb of Destruction    Conj           67%        9d16      1%          7
h - Borgnjor's Vile Clut  Necr/Erth      35%        N/A       2%          5
i - Spellforged Servitor  Conj/Summ      57%        N/A       10%         7
l - Lee's Rapid Deconstr  Erth           45%        3d23*     1%          5

Your spell library contained the following spells:

 Spells                   Type           Power      Damage    Failure   Level
 Magic Dart               Conj           100%       1d8       0%          1
 Apportation              Tloc           80%        N/A       1%          1
 Freeze                   Ice            100%       1d11      1%          1
 Pain                     Necr           100%       1d9       1%          1
 Sandblast                Erth           100%       2d20      1%          1
 Sting                    Tmut/Pois      100%       1d8       1%          1
 Blink                    Tloc           80%        N/A       1%          2
 Call Imp                 Summ           70%        N/A       1%          2
 Corpse Rot               Necr/Air       80%        N/A       1%          2
 Passwall                 Tmut/Erth      59%        N/A       1%          2
 Poisonous Vapours        Pois/Air       80%        N/A       1%          2
 Static Discharge         Conj/Air       100%       N/A       1%          2
 Sublimation of Blood     Necr           40%        N/A       1%          2
 Wereblood                Tmut           40%        N/A       1%          2
 Call Canine Familiar     Summ           70%        N/A       1%          3
 Dazzling Flash           Conj/Hex       100%       N/A       1%          3
 Stone Arrow              Conj/Erth      100%       3d13      1%          3
 Animate Armour           Summ/Erth      100%       N/A       1%          4
 Fulminant Prism          Conj/Hex       52%        3d23      1%          4
 Hailstorm                Conj/Ice       100%       3d20      1%          4
 Leda's Liquefaction      Hex/Erth       35%        N/A       1%          4
 Petrify                  Tmut/Erth      71%        N/A       1%          4
 Sticky Flame             Conj/Fire      100%       2d11      1%          4
 Irradiate                Conj/Tmut      52%        3d31      1%          5
 Lightning Bolt           Conj/Air       52%        1d74      1%          5
 Confusing Touch          Hex            40%        N/A       2%          3
 Frozen Ramparts          Ice            80%        1d10      2%          3
 Ignite Poison            Fire/Tmut/Pois 40%        N/A       2%          3
 Portal Projectile        Hex/Tloc       80%        N/A       2%          3
 Spider Form              Tmut/Pois      40%        N/A       2%          3
 Tukima's Dance           Hex            40%        N/A       2%          3
 Anguish                  Hex/Necr       20%        N/A       8%          4
 Dispel Undead            Necr           40%        3d16      8%          4
 Olgreb's Toxic Radiance  Pois           40%        N/A       8%          4
 Passage of Golubria      Tloc           40%        N/A       8%          4
 Summon Forest            Summ/Tloc      28%        N/A       9%          5
 Agony                    Necr           40%        N/A       21%         5
 Alistair's Intoxication  Tmut/Pois      26%        N/A       21%         5
 Blade Hands              Tmut           20%        N/A       21%         5
 Excruciating Wounds      Necr           20%        N/A       21%         5
 Manifold Assault         Tloc           40%        N/A       21%         5
 Silence                  Hex/Air        20%        N/A       21%         5
 Yara's Violent Unravell  Hex/Tmut       20%        3d9       21%         5
 Conjure Ball Lightning   Conj/Air       52%        3x3d18    4%          6
 Starburst                Conj/Fire      52%        6d14      4%          6
 Statue Form              Tmut/Erth      47%        N/A       16%         6
 Lehudib's Crystal Spear  Conj/Erth      62%        10d14     22%         8
 Summon Hydra             Summ           35%        N/A       61%         7
 Eringya's Noxious Bog    Tmut/Pois      20%        N/A       69%         6
 Enfeeble                 Hex            20%        N/A       99%         7
 Storm Form               Tmut/Air       20%        N/A       99%         7
 Ignition                 Fire           20%        3d7       100%        8
 Chain Lightning          Conj/Air       52%        3d70      100%        9
 Fire Storm               Conj/Fire      52%        8d13      100%        9
 Shatter                  Erth           45%        3d35*     100%        9


Dungeon Overview and Level Annotations

Branches:
Dungeon (15/15)            Temple (0/1) D:6            Lair (6/6) D:10
  Swamp (2/4) Lair:3        Snake (4/4) Lair:2        Slime (0/5) Lair:6
    Orc (2/2) D:9             Elf (3/3) Orc:2        Vaults (0/5) D:14
 Depths (0/4) D:15          Sewer (visited)           IceCv (visited)
Gauntlet (visited)

Shops:
D:4 [   D:5 *(((   D:10 [   D:11 [   Orc:1 !?   Orc:2 ==(=   Elf:2 **!(
Elf:3 *   Snake:3 (

Portals:
Trove: D:10 (show abyssal rune of Zot)

Annotations:
Snake:2 1 runed translucent door, Infinimo's ghost, adept OgBe


Innate Abilities, Weirdness & Mutations

You have an increased reservoir of magic. (+10% MP)
You shall have no god before yourself.
Your divine heritage dramatically boosts your attributes as you level up.


Message History

The spriggan rider barely misses the eight-headed hydra.
The swamp worm moves out of view.
As you read the scroll of fear, it crumbles to dust.
You assume a fearsome visage.
The eight-headed hydra looks frightened!
The necrophage is unaffected.
The ghoul is unaffected.
The swamp drake looks frightened!
The spriggan druid looks frightened!
The spriggan rider resists with almost no effort.
The eleionoma looks frightened!
You feel extremely sick. The ghoul misses you. The ghoul claws you.
* * * LOW HITPOINT WARNING * * *
The spriggan druid prays for help.
The ghoul claws you but does no damage. The ghoul claws you!!
* * * LOW HITPOINT WARNING * * *
Casting: Iron Shot (mildly dangerous; 1% risk of failure)
Confirm with . or Enter, or press ? or * to list all spells.
Okay, then.
Blink to where?
Press: ? - help, Dir - move target
As you read the scroll of blinking, it crumbles to dust.
You feel very sick.
The eleionoma flows through the trees.
The eleionoma moans, "Oh dear!
Oh dear!"
You feel very sick.
You enter the shallow water.
Moving in this stuff is going to be slow.
You feel very sick.
The eleionoma seems to regain its courage.
Okay, then.
As you read the scroll of teleportation, it crumbles to dust.
You feel strangely unstable.
You feel sick.
The eleionoma hurls a spray of splinters at you.
The spray of wooden splinters hits you.
* * * LOW HITPOINT WARNING * * *
Unknown command.
You feel better.
The eleionoma hurls a spray of splinters at you.
The spray of wooden splinters hits you!!
You die...

≈≈≈≈≈≈≈. ♣.§≈≈≈.≈
.≈≈≈≈≈≈ ♣♣.)≈w≈≈≈ .≈≈≈≈
♣≈..i≈≈.. ♣♣.≈≈.
♣≈≈≈≈♣♣♣♣ ♣.≈§≈ ♣♣♣k.♣
♣♣♣♣♣♣♣[§♣ ♣Dn≈♣♣♣
♣.≈[≈...≈♣♣♣♣♣♣♣♣i...†♣
♣.≈≈≈≈≈≈..n.=≈..♣.≈♣♣♣..
....≈≈≈@≈≈Ri≈..†§♣♣♣ ≈
.≈..≈≈≈≈≈≈≈...♣♣♣♣
.♣♣♣.≈§§≈≈≈≈≈≈♣
♣♣..≈≈≈≈≈≈≈♣ ♣♣♣...§≈≈♣♣
♣♣≈.≈≈≈.♣
♣♣♣♣♣....≈§♣♣♣♣♣ ♣♣
♣♣...§...≈≈≈≈♣♣≈♣♣.♣
♣♣≈.≈≈≈≈≈.≈≈≈.≈§.≈≈≈♣♣


You could see a ghoul, an eleionoma and a spriggan rider.

Vanquished Creatures
  Saint Roka (Snake:3)
  Bai Suzhen (Snake:4)
  Nikola (Snake:4)
  Mlioglotl (Snake:2)
  Asterion (Snake:2)
  A deep elf blademaster (Elf:3)
  2 deep elf master archers (Elf:3)
  Frances (Swamp:1)
  Agnes (D:15)
  2 frost giants
  5 deep elf sorcerers (Elf:3)
  Aizul (Snake:2)
  A ghoul (Swamp:2)
  A deep elf elementalist (Elf:3)
  Nessos (Orc:2)
  A minotaur (Gauntlet)
  5 deep elf demonologists (Elf:3)
  An eleionoma (Swamp:1)
  Azrael (D:15)
  9 deep elf annihilators (Elf:3)
  The ghost of Xixkoobe the Basher, a journeyman TrHu of the Shining One (D:13)
  3 deep elf death magi
  An ettin (Orc:2)
  2 fire dragons
  4 vault guards (D:14)
  9 deep elf high priests (Elf:3)
  A shambling mangrove (Swamp:1)
  Fannar (Lair:3)
  13 naga warriors
  9 hydras
  A rakshasa (D:14)
  4 salamander tyrants
  9 boulder beetles
  A catoblepas (D:14)
  2 centaur warriors
  An ogre mage (D:12)
  7 two-headed ogres
  5 death yaks (IceCv)
  26 dancing weapons
  5 tengu warriors
  7 anacondas
  3 alligators
  14 deep elf knights
  11 shock serpents
  A soul eater (Gauntlet)
  13 naga sharpshooters
  5 salamander mystics
  A death drake (Swamp:2)
  2 spriggan druids
  A sixfirhy (Gauntlet)
  A sea snake (shapeshifter) (Elf:1)
  4 bog bodies
  6 naga ritualists
  2 swamp dragons
  6 deep elf archers
  An orange crystal statue (Elf:3)
  3 wizards
  A harpy (shapeshifter) (D:13)
  3 orc knights
  2 lindwurms (Lair:5)
  Pikel (D:5)
  A necromancer (D:14)
  21 deep elf pyromancers
  A spectral wolf spider (D:14)
  16 deep elf zephyrmancers
  13 orc sorcerers
  26 salamanders
  9 mana vipers
  4 will-o-the-wisps
  2 ugly things (D:13)
  7 cyclopes
  A manticore (D:12)
  An ice statue (IceCv)
  29 black mambas
  12 cane toads
  Maggie (D:7)
  11 naga magi
  3 torpor snails
  7 guardian serpents
  3 centaur skeletons (D:14)
  2 gargoyles
  An efreet (D:14)
  A cane toad (shapeshifter) (Elf:1)
  2 unseen horrors
  18 rime drakes
  12 komodo dragons
  A freezing wraith (D:15)
  A tengu conjurer (D:14)
  A troll (shapeshifter) (Elf:1)
  14 polar bears
  4 trolls
  A hornet (D:9)
  15 blink frogs
  3 tyrant leeches (Swamp:1)
  5 slime creatures (D:13)
  A raiju (Lair:6)
  A meliai zombie (D:14)
  8 dream sheep
  A centaur simulacrum (D:15)
  2 wyverns
  2 vampires
  2 water elementals (Elf:3)
  2 wraiths
  2 shadows
  3 fire elementals (D:15)
  17 humans (D:14)
  A basilisk (shapeshifter) (Elf:2)
  10 basilisks
  A golden eye (shapeshifter) (Elf:1)
  9 steam dragons
  7 vampire mosquitoes
  61 yaks
  Menkaure (D:5)
  4 swamp worms
  12 wargs
  28 nagas
  Duvessa (D:7)
  An acid dragon (D:14)
  14 water moccasins
  17 hell hounds
  21 orc warriors
  A sky beast (D:6)
  A swamp drake (D:15)
  2 ice beasts
  13 black bears
  2 necrophages
  34 wolves
  14 ogres
  2 phantoms
  4 lemures (D:5)
  5 bullfrogs
  3 kobold brigands
  2 earth elementals (Elf:3)
  2 scorpions (D:6)
  2 gnoll sergeants
  A wyvern skeleton (D:6)
  Dowan (D:7)
  2 howler monkeys (D:8)
  7 killer bees
  7 wights
  A bullfrog zombie (D:7)
  A centaur zombie (D:7)
  4 hounds
  A jelly (D:6)
  3 gnoll shamans
  15 orc priests
  2 bullfrog skeletons
  2 iguanas
  46 orc wizards
  2 lightning spires (Swamp:1)
  A killer bee zombie (D:6)
  2 hound zombies (D:5)
  3 howler monkey zombies
  15 gnolls
  12 adders
  6 river rats (Sewer)
  4 shadow imps (Gauntlet)
  A white imp (D:6)
  4 ufetubi
  An adder skeleton (D:4)
  2 dart slugs
  92 orcs
  4 bats
  6 endoplasms
  4 giant cockroaches
  9 goblins
  7 hobgoblins
  3 jackals
  4 quokkas
  2 ball pythons (D:4)
  9 frilled lizards
  25 kobolds
  13 rats
1120 creatures vanquished.

Vanquished Creatures (collateral kills)
  A salamander mystic (Snake:3)
  A bog body (Swamp:1)
  An orc knight (Orc:2)
  2 orc sorcerers (Orc:2)
  2 wargs (Orc:2)
  An orc warrior (Orc:2)
  3 orc wizards (Orc:2)
  4 orcs (Orc:2)
15 creatures vanquished.

Vanquished Creatures (others)
  A rime drake (Lair:5)
  A bloated husk (Swamp:1)
  2 ball lightnings (Swamp:1)
  10 foxfires
  59 fungi
  91 plants
164 creatures vanquished.

Grand Total: 1299 creatures vanquished

Notes
Turn   | Place    | Note
-------+----------+-------------------------------------------
     0 | D:1      | Labrat the Demigod Conjurer began the quest for the Orb.
     0 | D:1      | Reached XP level 1. HP: 14/14 MP: 5/5
   529 | D:1      | Reached skill level 2 in Spellcasting
   657 | D:1      | Reached XP level 2. HP: 13/20 MP: 0/7
  1409 | D:2      | Reached XP level 3. HP: 26/26 MP: 1/9
  1414 | D:2      | Learned a level 2 spell: Searing Ray
  1866 | D:2      | Reached XP level 4. HP: 33/33 MP: 8/11
  2225 | D:2      | Reached skill level 3 in Spellcasting
  2884 | D:3      | Identified the +6 scale mail of Demons {Rampage rPois
                  | Slay+3}
  3149 | D:4      | Noticed an ogre
  3217 | D:3      | Reached XP level 5. HP: 38/38 MP: 8/13
  3233 | D:4      | Reached skill level 5 in Conjurations
  3238 | D:4      | Found Darar's Antique Armour Boutique.
  3314 | D:4      | Killed an ogre
  3315 | D:4      | Reached skill level 4 in Spellcasting
  3363 | D:4      | Reached XP level 6. HP: 32/45 MP: 2/16
  3401 | D:4      | Found a glowing drain.
  3435 | Sewer    | Entered a sewer
  3621 | Sewer    | Reached skill level 5 in Spellcasting
  3975 | D:4      | Reached skill level 1 in Fighting
  4493 | D:5      | Entered Level 5 of the Dungeon
  4493 | D:5      | Found Gurreso's Antique Weapon Boutique.
  4579 | D:5      | Noticed Pikel
  4810 | D:5      | Found Taehutam's General Store.
  4836 | D:5      | Got the Handbook of the Birds and Confrontation
  4890 | D:5      | Got the Guide on Enchanting Transmigration
  5102 | D:5      | Found Riweobud's Weapon Emporium.
  5238 | D:5      | Found Watroumm's Weapon Emporium.
  5529 | D:5      | Noticed Menkaure
  5578 | D:5      | Killed Menkaure
  5579 | D:5      | Reached skill level 1 in Armour
  5579 | D:5      | Reached XP level 7. HP: 6/57 MP: 17/17
  6097 | D:5      | Killed Pikel
  6246 | D:5      | Bought a scroll of identify for 20 gold pieces
  6281 | D:6      | Reached XP level 8. HP: 59/67 MP: 11/19
  6285 | D:6      | Learned a level 3 spell: Mephitic Cloud
  6435 | D:5      | Reached skill level 5 in Fighting
  6713 | D:6      | Reached skill level 5 in Armour
  6745 | D:6      | Learned a level 4 spell: Iskenderun's Mystic Blast
  7315 | D:6      | Reached skill level 6 in Spellcasting
  7733 | D:6      | Reached XP level 9. HP: 74/74 MP: 14/22
  8022 | D:6      | Found a staircase to the Ecumenical Temple.
  8539 | D:7      | Noticed Maggie
  8798 | D:7      | Reached skill level 7 in Spellcasting
  9000 | D:7      | Noticed Dowan
  9020 | D:7      | Killed Dowan
  9033 | D:7      | Noticed Duvessa
  9056 | D:7      | Killed Duvessa
  9259 | D:7      | Identified the +4 scale mail of Ujoock {rN+ Int+4}
  9343 | D:7      | Killed Maggie
 10621 | D:8      | Reached skill level 8 in Spellcasting
 10759 | D:8      | Reached skill level 1 in Evocations
 11629 | D:8      | Reached XP level 10. HP: 17/81 MP: 4/26
 11976 | D:9      | Paralysed by a hornet for 3 turns
 12282 | D:9      | Found a staircase to the Orcish Mines.
 12941 | D:9      | Identified the +8 longbow of Gysengam {venom, Fly rPois
                  | rCorr MP-9 Dex+3}
 13301 | D:10     | Entered Level 10 of the Dungeon
 13351 | D:10     | Noticed a two-headed ogre
 13362 | D:10     | Killed a two-headed ogre
 13609 | D:10     | Reached skill level 9 in Spellcasting
 13788 | D:10     | Found a staircase to the Lair.
 13894 | D:10     | Noticed a salamander
 13902 | D:10     | Killed a salamander
 13903 | D:10     | Reached skill level 5 in Evocations
 14213 | D:10     | Found Fon Cuezyuf's Antique Armour Boutique.
 14238 | D:10     | Found a portal to a secret trove of treasure.
 14282 | D:10     | Noticed a two-headed ogre
 14303 | D:10     | Killed a two-headed ogre
 14522 | D:10     | Reached skill level 10 in Spellcasting
 14862 | D:11     | Noticed a five-headed hydra
 14872 | D:11     | Killed a five-headed hydra
 15135 | D:11     | Noticed a cyclops
 15165 | D:11     | Killed a cyclops
 15294 | D:11     | Found Opleigatz's Armour Shoppe.
 15759 | D:11     | Reached XP level 11. HP: 86/86 MP: 23/30
 16091 | D:12     | Reached skill level 11 in Spellcasting
 16179 | D:12     | Noticed a two-headed ogre
 16180 | D:12     | Noticed a two-headed ogre
 16180 | D:12     | Noticed an ogre mage
 16181 | D:12     | Noticed a two-headed ogre
 16182 | D:12     | Noticed a two-headed ogre
 16201 | D:12     | Killed a two-headed ogre
 16354 | D:12     | Found a frozen archway.
 16452 | IceCv    | Entered an ice cave
 16459 | IceCv    | Reached skill level 12 in Spellcasting
 16466 | IceCv    | Noticed a death yak
 16514 | IceCv    | Killed a death yak
 16963 | IceCv    | Noticed a death yak
 16983 | IceCv    | Killed a death yak
 17183 | IceCv    | Learned a level 5 spell: Fireball
 17460 | IceCv    | Noticed a death yak
 17462 | IceCv    | Noticed a death yak
 17483 | IceCv    | Killed a death yak
 17508 | IceCv    | Killed a death yak
 17517 | IceCv    | Reached XP level 12. HP: 11/101 MP: 3/32
 17910 | IceCv    | Noticed a frost giant
 17960 | IceCv    | Killed a frost giant
 19142 | D:12     | Noticed a boulder beetle
 19278 | D:12     | Killed an ogre mage
 19281 | D:12     | Reached skill level 10 in Conjurations
 19488 | D:12     | Killed a boulder beetle
 19829 | Lair:1   | Entered Level 1 of the Lair of Beasts
 20976 | Lair:1   | You fall into a shaft and drop 1 floor!
 22283 | Lair:2   | Reached XP level 13. HP: 81/107 MP: 12/33
 23003 | Lair:2   | Found a staircase to the Snake Pit.
 23309 | Lair:3   | Noticed Fannar
 23314 | Lair:3   | Killed Fannar
 23512 | Lair:3   | Found a staircase to the Swamp.
 24240 | Lair:3   | Identified the amulet "Owotaj" {RegenMP Rampage rF- SInv}
 24541 | Lair:4   | Identified the +6 chain mail of Okawaru's Displeasure
                  | {rCorr Int+4}
 25677 | Lair:4   | Reached skill level 10 in Fighting
 26358 | Lair:5   | Reached skill level 13 in Spellcasting
 27311 | Lair:5   | Identified the +2 ring mail "Zawk" {rElec Dex+4}
 28363 | Lair:4   | Learned a level 5 spell: Freezing Cloud
 28766 | Lair:6   | Entered Level 6 of the Lair of Beasts
 29064 | Lair:6   | Reached skill level 14 in Spellcasting
 29104 | Lair:6   | Reached XP level 14. HP: 108/121 MP: 23/37
 29432 | Lair:6   | Identified the +2 leather armour of Temperance {Dex+4}
 29588 | Lair:6   | Found a staircase to the Slime Pits.
 32209 | Orc:1    | Entered Level 1 of the Orcish Mines
 32610 | Orc:1    | Found Opheacsy's Distillery.
 32621 | Orc:1    | Found Gahuinu's Magic Scroll Emporium.
 32788 | Orc:1    | You fall into a shaft and drop 1 floor!
 32788 | Orc:2    | Entered Level 2 of the Orcish Mines
 32810 | Orc:2    | Noticed Nessos
 32819 | Orc:2    | Reached skill level 15 in Spellcasting
 33400 | Orc:2    | Found a staircase to the Elven Halls.
 33496 | Orc:2    | Paralysed by an orc sorcerer for 5 turns
 33529 | Orc:2    | Paralysed by an orc sorcerer for 7 turns
 34281 | Orc:2    | Found Yhefi's Jewellery Emporium.
 34281 | Orc:2    | Found Nuziuz's Jewellery Shop.
 34359 | Orc:2    | Paralysed by an orc sorcerer for 2 turns
 34678 | Orc:2    | Killed Nessos
 34855 | Orc:2    | Found Wyzeqa's Antique Weapon Emporium.
 34855 | Orc:2    | Found Zuro's Jewellery Shop.
 35185 | D:13     | Found a runed translucent gate.
 35186 | D:13     | Found a runed translucent gate.
 35186 | D:13     | Found a runed translucent gate.
 35301 | D:13     | Noticed Xixkoobe's ghost (journeyman TrHu)
 36518 | D:14     | Found a gate leading to a gauntlet.
 36535 | D:14     | Reached skill level 15 in Conjurations
 36565 | Gauntlet | Entered a Gauntlet
 36565 | Gauntlet | Found a transporter.
 36902 | Gauntlet | Found a transporter.
 36904 | Gauntlet | Found a transporter.
 36918 | Gauntlet | Found a transporter.
 36926 | Gauntlet | Found a transporter.
 36930 | Gauntlet | Found a transporter.
 36946 | Gauntlet | Found a transporter.
 36958 | Gauntlet | Found a transporter.
 36969 | Gauntlet | Found a transporter.
 36974 | Gauntlet | Found a transporter.
 36974 | Gauntlet | Found a transporter.
 37002 | Gauntlet | Found a transporter.
 37002 | Gauntlet | Found a transporter.
 37055 | Gauntlet | Found a transporter.
 37140 | Gauntlet | Reached XP level 15. HP: 111/126 MP: 34/39
 37344 | Gauntlet | Identified the +0 helmet of Defiance {Regen+ Str+2}
 37425 | Gauntlet | Identified the +1 scale mail of Xonarch {rC+ MP+9 Str+3}
 37573 | D:14     | Reached skill level 5 in Dodging
 37792 | D:14     | Found a gate to the Vaults.
 38412 | D:15     | Entered Level 15 of the Dungeon
 38467 | D:15     | Noticed Azrael
 38472 | D:15     | Killed Azrael
 38763 | D:15     | Noticed Agnes
 38769 | D:15     | Killed Agnes
 39217 | D:15     | Found a staircase to the Depths.
 39317 | D:15     | Identified the amulet "Qahawk" {-Cast rElec Regen+ Dex+3}
 39518 | Elf:1    | Entered Level 1 of the Elven Halls
 39603 | Elf:1    | Got the Guide on Transmigration and Companions
 39881 | Elf:1    | Learned a level 6 spell: Iron Shot
 39887 | Elf:1    | Learned a level 5 spell: Borgnjor's Vile Clutch
 40026 | Elf:1    | Reached skill level 1 in Earth Magic
 40226 | Elf:1    | Reached skill level 16 in Spellcasting
 40646 | Elf:1    | Reached XP level 16. HP: 139/139 MP: 35/41
 41150 | Elf:2    | Found Kuev's Assorted Antiques.
 41162 | Elf:2    | Found Izyn's Weapon Shoppe.
 41164 | Elf:2    | Found Tomperokh's General Store.
 41185 | Elf:2    | Found Jayseps's Distillery.
 41346 | Elf:2    | Found a runed translucent gate.
 41346 | Elf:2    | Found a runed translucent gate.
 41346 | Elf:2    | Found a runed translucent gate.
 41529 | Elf:2    | Reached skill level 5 in Earth Magic
 41965 | Elf:2    | Reached skill level 17 in Spellcasting
 42318 | Elf:3    | Entered Level 3 of the Elven Halls
 42701 | Elf:3    | Found Demeleok's Assorted Antiques.
 42756 | Elf:3    | Found the +5 sword of Power {vorpal}
 42825 | Elf:3    | Identified the +4 quarterstaff "Numyzxi" {vorpal, Int+2
                  | Stlth+}
 42833 | Elf:3    | Learned a level 5 spell: Lee's Rapid Deconstruction
 42944 | Elf:3    | Identified the +0 plate armour of Vidip {+Inv rF- rCorr
                  | Stlth-}
 42956 | Elf:3    | Identified the +2 robe "Yrijeu" {+Inv rPois Dex-5 Archmagi}
 43465 | Elf:3    | Identified the ring "Lodit" {rPois rN+ Int+6 Dex+3}
 43674 | Elf:3    | Noticed a deep elf master archer
 43677 | Elf:3    | Identified the +7 dagger of Premature Burial {vorpal,
                  | Dex+3}
 43865 | Elf:2    | Learned a level 7 spell: Orb of Destruction
 44017 | Elf:3    | Killed a deep elf master archer
 44078 | Elf:3    | Identified the amulet "Xailic" {Will+ Regen+ Str+4}
 44158 | Elf:3    | Noticed a deep elf master archer
 44159 | Elf:3    | Noticed a deep elf blademaster
 44209 | Elf:3    | Killed a deep elf master archer
 44315 | Elf:3    | Identified the +10 trident of Luc Cod {flame, rF- Will+
                  | MP+9}
 44323 | Elf:3    | Killed a deep elf blademaster
 44486 | Elf:3    | Got Xaholuor's Papyrus of Quantum Air
 44509 | Elf:3    | Identified the +4 long sword of the Forgotten Bounties
                  | {vorpal, rN+ Dex+2}
 44748 | Snake:1  | Entered Level 1 of the Snake Pit
 44890 | Snake:1  | Reached XP level 17. HP: 146/146 MP: 38/44
 45573 | Snake:2  | Noticed Aizul
 45713 | Snake:2  | Noticed Mlioglotl
 45717 | Snake:2  | Killed Mlioglotl
 45718 | Snake:2  | Reached skill level 18 in Spellcasting
 45977 | Snake:2  | Found a runed translucent door.
 45978 | Snake:2  | Noticed Infinimo's ghost (adept OgBe)
 45979 | Snake:2  | Identified the +7 battleaxe "Ippiet" {chaos, *Noise rF++
                  | rN+}
 46124 | Snake:2  | Killed Aizul
 46221 | Snake:2  | Noticed Asterion
 46232 | Snake:2  | Killed Asterion
 47495 | Snake:3  | Found Susmodea's Weapon Boutique.
 47628 | Snake:3  | Noticed Saint Roka
 47679 | Snake:3  | Killed Saint Roka
 48327 | Snake:4  | Entered Level 4 of the Snake Pit
 48327 | Snake:4  | Noticed Nikola
 48664 | Snake:4  | Killed Nikola
 48800 | Snake:4  | Reached skill level 10 in Earth Magic
 48800 | Snake:4  | Reached skill level 10 in Evocations
 48885 | Snake:4  | Noticed Bai Suzhen
 49217 | Snake:4  | Learned a level 7 spell: Spellforged Servitor
 49319 | Snake:4  | Reached skill level 1 in Summonings
 49785 | Snake:4  | Killed Bai Suzhen
 50015 | Snake:4  | Reached XP level 18. HP: 154/154 MP: 31/46
 50477 | Snake:4  | Got a serpentine rune of Zot
 50756 | D:13     | Killed Xixkoobe's ghost
 50946 | Swamp:1  | Entered Level 1 of the Swamp
 51413 | Swamp:1  | Noticed Frances
 51424 | Swamp:1  | Killed Frances
 51746 | Swamp:2  | Identified a scroll of acquirement
 51827 | Swamp:2  | Killed from afar by an eleionoma

Illustrated notes

Levels and vault maps discovered:
D:1:      lemuel_arrival_tunnels, layout_basic,
          shapermc_ecumenical_altar_mp_vishouse
D:2:      wad_pebble_path, layout_basic
D:3:      layout_basic, marbit_many_paths
D:4:      layout_cave_pools, serial_shops, nicolae_shop_statue_plus,
          gup_sewer_entry_spiral, nrook_loot_triangle, minmay_misc_feat_square
D:5:      layout_loops_corners, serial_shops, nicolae_diamond_shop,
          nicolae_shop_crystal, nicolae_take_the_stairs, nicolae_stop_n_shop_1,
          uniq_pikel, uniq_menkaure
D:6:      cheibrodos_fzero, layout_rooms, temple_hall
D:7:      layout_layer_cave, uniq_duvessa, uniq_maggie
D:8:      layout_gridville, nicolae_dithmenos_through_a_glass_darkly,
          grunt_temple_overflow_open,
          nicolae_gozag_cash_rules_everything_around_me,
          nzn_hepliaklqana_mist_gate
D:9:      layout_loops_ring, mainiacjoe_overflow_alcove_2, david_orc_3,
          minivault_10
D:10:     layout_basic, mainiacjoe_overflow_chevrons, dpeg_oklobed_lair,
          enter_trove_0, serial_shops, nicolae_diamond_shop, st_stairs_6
D:11:     layout_loops_ring, serial_shops, nicolae_shop_statue_plus
D:12:     layout_roguey, portal_ice_cave_rime
D:13:     layout_roguey, gammafunk_ghost_fury_of_okawaru, serial_rivers,
          chequers_serial_rivers_micro_c, chequers_serial_rivers_large_b,
          chequers_serial_rivers_micro_a, chequers_serial_rivers_small_b,
          chequers_serial_rivers_micro_c, chequers_serial_rivers_room_b
D:14:     layout_cave_pools, grunt_vaults_entry_tiered, gauntlet_entry_generic,
          good_gods_temple_1, hangedman_weighted_door, minivault_12
D:15:     grunt_enter_depths_snipers, layout_irregular_city,
          hangedman_decor_cross_pass, pond, uniq_azrael, uniq_agnes
Lair:1:   layout_regular_city
Lair:2:   layout_chaotic_city, minmay_snake_entry_spellcaster,
          lemuel_fruit_tree, grunt_megastairs_5
Lair:3:   layout_loops_ring, minmay_swamp_entry_reptiles, uniq_fannar
Lair:4:   layout_regular_city
Lair:5:   layout_gridlike, bobbens_dragon_lair_wall
Lair:6:   hangedman_lair_caniforms_friends, layout_regular_city,
          dpeg_slime_entry_corner, serial_bayou_crossing, serial_bayou_shore_b,
          infiniplex_staircase_pool, grunt_megastairs_3, serial_bayou_shore_b
Swamp:1:  layout_falls_marsh, evilmike_swamp_ruin_house_5,
          hangedman_swamp_phenomena, uniq_frances
Swamp:2:  cheibrodos_swamp_mausoleum, layout_basic_swamp,
          infiniplex_staircase_pool_2
Snake:1:  layout_rooms, nicolae_snake_squiggles, nicolae_snake_salamander_stairs
Snake:2:  layout_layer_cave, ebering_ghost_xom, uniq_asterion, uniq_aizul,
          uniq_mlioglotl
Snake:3:  layout_cave_town, serial_shops, nicolae_shop_waterfront,
          serial_bayou_shore_b, uniq_saint_roka
Snake:4:  grunt_snake_rune_pools, layout_cave_town, basic_altar, uniq_nikola,
          uniq_bai_suzhen
Orc:1:    layout_caves, serial_shops, shop, nicolae_shop_statue_plus
Orc:2:    st_orc_town, layout_caves, basic_altar, uniq_nessos
Elf:1:    eino_elf_arrival_sip, layout_onion_city, minivault_28
Elf:2:    nicolae_elf_blades_crystal_corner, layout_loops_cross,
          minmay_shop_grid_forest, lemuel_flamethrower_2
Elf:3:    minmay_elf_hall_not_hex, layout_onion_city, serial_shops, shop,
          minivault_15

Skill      XL: |  1  2  3  4  5  6  7  8  9 10 11 12 13 14 15 16 17 18 |
---------------+-------------------------------------------------------+-----
Spellcasting   | 2 3 4 5 6 8 10 12 14 15 16 17 18 | 18.6
Conjurations   | 4 5 6 8 12 15 | 15.8
Fighting       | 3 4 5 8 10 12 | 12.0
Armour         | 1 3 5 8 |  8.0
Evocations     | 2 5 7 10 | 10.0
Dodging        | 2 5 |  5.0
Earth Magic    | 4 7 10 | 10.0
Summonings     | 2 4 |  4.6
Stealth        | |  1.8

Action                   |  1- 3 |  4- 6 |  7- 9 | 10-12 | 13-15 | 16-18 || total
-------------------------+-------+-------+-------+-------+-------+-------++-------
Melee: Unarmed           |    14 |     3 |       |       |       |       ||    17
       Dagger            |       |    69 |    17 |       |       |       ||    86
       Staff             |       |       |    84 |   233 |   487 |    40 ||   844
       Punch             |       |       |     3 |     6 |     3 |       ||    12
Throw: Dart              |       |     1 |     5 |    11 |    13 |       ||    30
       Javelin           |       |       |     1 |     7 |       |       ||     8
       Throwing net      |       |       |       |     2 |       |       ||     2
 Cast: Magic Dart        |    89 |    99 |   124 |    41 |    86 |       ||   439
       Searing Ray       |       |    13 |    59 |    84 |   107 |     4 ||   267
       Iskenderun's Myst |       |       |     7 |    68 |   206 |    31 ||   312
       Mephitic Cloud    |       |       |     3 |    31 |    28 |     9 ||    71
       Fireball          |       |       |       |    29 |   221 |    87 ||   337
       Freezing Cloud    |       |       |       |       |     8 |     8 ||    16
       Iron Shot         |       |       |       |       |    10 |   269 ||   279
       Borgnjor's Vile C |       |       |       |       |       |    20 ||    20
       Orb of Destructio |       |       |       |       |       |    77 ||    77
       Lee's Rapid Decon |       |       |       |       |       |     2 ||     2
       Spellforged Servi |       |       |       |       |       |     2 ||     2
Evoke: Wand              |       |     2 |     8 |     5 |     1 |     3 ||    19
       Box of beasts     |       |       |       |       |     1 |     1 ||     2
       Condenser vane    |       |       |       |       |       |     1 ||     1
  Use: Scroll            |       |       |    10 |     8 |    11 |    13 ||    42
       Potion            |       |       |       |     1 |     1 |     2 ||     4
 Stab: Paralysed         |       |     3 |    10 |       |       |       ||    13
       Confused          |       |       |       |     8 |     1 |       ||     9
Armor: Robe              |     6 |     1 |       |       |       |       ||     7
       Scale mail        |       |    49 |    97 |   185 |   458 |   122 ||   911
       Leather armour    |       |       |       |     4 |       |       ||     4
Dodge: Dodged            |    26 |    31 |    81 |   170 |   299 |    68 ||   675
Block: Buckler           |       |       |       |       |    19 |       ||    19
